 Dungeon Crawl Stone Soup version 0.28.0-53-g5a82cb258f (webtiles) character file.

Game seed: 8878115662185078042

34038 Soldner the Imperceptible (level 14, 0/77 HPs)
             Began as a Kobold Brigand on July 23, 2022.
             Was a High Priest of Dithmenos.
             Slain by a sun demon (27 damage)
             ... on level 2 of the Orcish Mines.
             The game lasted 00:42:49 (19576 turns).

Soldner the Imperceptible (Kobold Brigand)         Turns: 19576, Time: 00:42:50

Health: 0/77       AC: 12    Str: 15    XL:     14   Next: 11%
Magic:  14/14      EV: 23    Int: 14    God:    Dithmenos [*****.]
Gold:   1772       SH:  0    Dex: 24    Spells: 13/13 levels left

rFire   x . .      SeeInvis +   o - +9 dagger of Nijuz {speed, Drain rPois SInv}
rCold   . . .      Faith    .   (no shield)
rNeg    + . .      Spirit   .   a - +3 troll leather armour {Snorg}
rPois   +          Reflect  .   M - +1 helmet of Defence {+Inv rF- Str+7 Dex+4}
rElec   .          Harm     .   c - +0 cloak
rCorr   .          Rampage  .   (no gloves)
Will    +....                   u - +0 pair of boots Stlth ******++++
                                (no amulet)
HPRegen 1.02/turn               j - ring of positive energy
MPRegen 0.14/turn               A - ring of see invisible

@: wreathed by umbra
A: small, no large weapons, nightstalker 3, frail 1
a: Renounce Religion, Evoke Invisibility, Shadow Step, Shadow Form


You were on level 2 of the Orcish Mines.
You worshipped Dithmenos.
Dithmenos was extremely pleased with you.
You visited 3 branches of the dungeon, and saw 15 of its levels.
You also visited: Bailey.

You collected 2536 gold pieces.
You spent 764 gold pieces at shops.

Inventory:

Hand Weapons
 e - a +7 quick blade
 o - the +9 dagger of Nijuz (weapon) {speed, Drain rPois SInv}
   (You took it off a hobgoblin on level 2 of the Dungeon)

   Attacks with this weapon are significantly faster.
   rPois:     It protects you from poison.
   SInv:      It lets you see invisible.
   Drain:     It drains your maximum health when unequipped.
 x - a +2 rapier of draining
Missiles
 d - 53 poisoned darts
 f - 2 throwing nets
 K - 2 curare-tipped darts (quivered)
Armour
 a - a +3 troll leather armour (worn) {Snorg}
 c - a +0 cloak (worn)
 g - a +2 helmet
 u - a +0 pair of boots (worn)
 B - the +3 hat of Pondering {ponderous, Will+ MP+10 Int+5}
   (You took it off Gastronok on level 9 of the Dungeon)

   Int:       It affects your intelligence (+5).
   MP:        It affects your magic capacity (+10).
   Will:      It increases your willpower.
 G - the +2 ratskin cloak {*Rats rPois rN+ Str-1 Int-1 Dex+1}
   (You found it on level 12 of the Dungeon)

   When the wearer is hurt, rats may emerge from it to assist them.
   Str:       It affects your strength (-1).
   Int:       It affects your intelligence (-1).
   Dex:       It affects your dexterity (+1).
   rPois:     It protects you from poison.
   rN:        It protects you from negative energy.
 M - the +1 helmet of Defence (worn) {+Inv rF- Str+7 Dex+4}
   (You bought it in a shop on level 2 of the Orcish Mines)

   Str:       It affects your strength (+7).
   Dex:       It affects your dexterity (+4).
   rF:        It makes you vulnerable to fire.
   +Inv:      It lets you turn invisible.
Jewellery
 j - a ring of positive energy (left hand)
 p - a ring of fire
 w - a ring of flight
 A - a ring of see invisible (right hand)
 H - a ring of magical power
Wands
 l - a wand of flame (26)
 m - a wand of iceblast (5)
 n - a wand of charming (5)
 C - a wand of paralysis (15)
 L - a wand of acid (2)
Scrolls
 h - 8 scrolls of teleportation
 i - a scroll of fear
 r - a scroll of amnesia
 t - 3 scrolls of vulnerability
 D - 3 scrolls of magic mapping
Potions
 k - a potion of might
 q - a potion of cancellation
 s - a potion of attraction
 v - a potion of ambrosia
 F - a potion of resistance
 I - a potion of curing
 J - 2 potions of invisibility


   Skills:
 + Level 9.6 Fighting
 + Level 13.1 Short Blades
 + Level 5.1 Throwing
 + Level 3.5 Armour
 + Level 10.1 Dodging
 + Level 22.6 Stealth
 + Level 0.1 Evocations


You had 13 spell levels left.
You didn't know any spells.
Your spell library contained the following spells:

 Spells                   Type           Power      Damage    Failure   Level
 Sandblast                Erth           0%         2d4       34%         1
 Passwall                 Tmut/Erth      0%         N/A       47%         2
 Gell's Gravitas          Tloc           0%         N/A       71%         3
 Lesser Beckoning         Tloc           0%         N/A       71%         3
 Stone Arrow              Conj/Erth      0%         3d7       71%         3
 Summon Guardian Golem    Hex/Summ       0%         N/A       71%         3
 Teleport Other           Tloc           0%         N/A       71%         3
 Leda's Liquefaction      Hex/Erth       0%         N/A       98%         4
 Lee's Rapid Deconstruct  Erth           0%         3d5*      100%        5
 Statue Form              Tmut/Erth      0%         N/A       100%        6
 Orb of Destruction       Conj           0%         9d5       100%        7
 Spellforged Servitor     Conj/Summ      0%         N/A       100%        7


Dungeon Overview and Level Annotations

Branches:
Dungeon (12/15)            Temple (1/1) D:6            Lair (0/6) D:9
    Orc (2/2) D:12            Elf (0/3) Orc:2        Bailey (visited)

Altars:
Ashenzari
Cheibriados
Dithmenos
Elyvilon
Fedhas
Gozag
Hepliaklqana
Kikubaaqudgha
Makhleb
Nemelex Xobeh
Okawaru
Qazlal
Ru
Sif Muna
Trog
Uskayaw
Vehumet
Wu Jian
Xom
Yredelemnul
Zin
The Shining One
Beogh

Shops:
Orc:1 (   Orc:2 !***

Annotations:
D:3 3 runed translucent doors, porpoise's ghost, amateur DsGl
D:12 1 runed translucent door


Innate Abilities, Weirdness & Mutations

You are small and have problems with some larger weapons.
You are completely attuned to the shadows.
You are frail. (-10% HP)


Message History

You hit the sun demon.
The sun demon is moderately wounded.
The sun demon hits you but does no damage.
You hit the sun demon.
The sun demon is heavily wounded.
You hit the sun demon but do no damage.
The sun demon is heavily wounded.
The sun demon misses you.
You closely miss the sun demon.
The sun demon is moderately wounded.
You barely miss the sun demon.
The sun demon is moderately wounded.
The sun demon completely misses you.
You hit the sun demon but do no damage.
The sun demon is moderately wounded.
The orc warrior closely misses you.
You hit the sun demon but do no damage.
The sun demon is moderately wounded.
You puncture the sun demon!
The sun demon is heavily wounded.
The sun demon hits you!
You are engulfed in flames!!
The fire burns you terribly!
You closely miss the sun demon.
The sun demon is heavily wounded.
The orc warrior hits you with a +0 dire flail.
You closely miss the sun demon.
The sun demon is heavily wounded.
Your shadow closely misses the sun demon.
You hit the sun demon but do no damage.
The sun demon is heavily wounded.
An orc sorcerer comes into view. It is wielding a +0 dagger.
The sun demon hits you but does no damage.
You hit the sun demon.
The sun demon is heavily wounded.
The orc warrior closely misses you.
You barely miss the sun demon.
The sun demon is heavily wounded.
The sun demon hits you!
You are engulfed in flames!!
The fire burns you terribly!
You die...

..............####.###
##........
.............## ##.#
##.......
...........#.## #.##
##......
....##........#####
##.....
...##.[#..#....# #.#
##....
......[)##..^.## #..o
..o####..
........###.#####.o.#
#.3o###.. .#...#.##
### ##o3.# #ooo###.
#.....## ##.@.#
#§o§### ##.....###
##...## #o§4##
##.#....# ##.#.##
##o#§# ###....###)..##
##§§§ #..[).###.#.##
##.#§# ##....[###...##
##).§##
##..)).###.).##
##...###
##.##))###...##
##...###.
#####..###...##
##...###..


You could see a sun demon, an orc sorcerer and 2 orc warriors.

Vanquished Creatures
  Gastronok (D:9)
  Donald (Orc:2)
  An orc warlord (Bailey)
  Snorg (D:10)
  Josephine (Orc:1)
  Harold (D:11)
  2 boulder beetles
  A death knight (D:12)
  Erolcha (D:11)
  A centaur warrior (D:9)
  Erica (Orc:1)
  4 two-headed ogres
  A sixfirhy (Orc:2)
  2 manticores (D:12)
  2 orc knights (Orc:2)
  A cyclops (D:12)
  An orc sorcerer (Orc:2)
  3 ugly things
  A smoke demon (Orc:2)
  3 gargoyles
  Psyche (D:10)
  3 kobold demonologists
  6 trolls
  Grinder (D:4)
  4 wyverns (D:9)
  3 shadows
  Eustachio (D:4)
  14 yaks
  8 wraiths
  A basilisk (D:9)
  8 vampire mosquitoes
  3 steam dragons
  A neqoxec (Orc:2)
  Menkaure (D:6)
  A warg (Orc:1)
  3 acid dragons
  5 water moccasins
  Duvessa (D:4)
  2 ice beasts
  2 black bears (D:6)
  31 orc warriors
  7 ogres
  2 phantoms
  5 centaurs
  7 kobold brigands
  A gnoll sergeant (D:11)
  5 bullfrogs
  4 scorpions
  2 water moccasin skeletons
  Dowan (D:4)
  3 killer bees (D:11)
  5 howler monkeys
  6 wights
  A crimson imp (D:7)
  5 centaur zombies
  4 hounds
  3 jellies
  18 orc priests
  A bullfrog zombie (D:5)
  An iguana (D:7)
  15 orc wizards
  2 killer bee zombies
  A howler monkey zombie (D:6)
  Robin (D:2)
  12 gnolls
  7 adders
  A white imp (D:7)
  An ufetubus (D:6)
  An adder skeleton (D:4)
  A worm (D:2)
  62 orcs
  3 bat zombies (D:12)
  7 endoplasms
  8 giant cockroaches
  8 hobgoblins
  9 jackals
  25 kobolds
  3 quokkas
  6 ball pythons
  5 bats
  8 frilled lizards
  24 goblins
  9 rats
  2 rat zombies (D:12)
432 creatures vanquished.

Vanquished Creatures (others)
  2 bushes (D:9)
  2 fungi (D:9)
  27 plants
31 creatures vanquished.

Grand Total: 463 creatures vanquished

Notes
Turn   | Place    | Note
-------+----------+-------------------------------------------
     0 | D:1      | Soldner the Kobold Brigand began the quest for the Orb.
     0 | D:1      | Reached XP level 1. HP: 12/12 MP: 1/1
   210 | D:1      | Reached XP level 2. HP: 12/18 MP: 2/2
   533 | D:1      | Reached skill level 6 in Stealth
   546 | D:1      | Reached XP level 3. HP: 13/22 MP: 3/3
  1014 | D:1      | Found a faded altar of an unknown god.
  1584 | D:2      | Reached XP level 4. HP: 11/27 MP: 4/4
  1897 | D:2      | Noticed Robin
  1906 | D:2      | Killed Robin
  1912 | D:2      | Reached skill level 7 in Stealth
  2407 | D:2      | Reached XP level 5. HP: 31/31 MP: 5/5
  2773 | D:2      | Identified the +9 dagger of Nijuz {speed, Drain rPois SInv}
  3153 | D:3      | Found a basalt altar of Yredelemnul.
  3188 | D:3      | Found a runed translucent gate.
  3189 | D:3      | Found a runed translucent gate.
  3190 | D:3      | Found a runed translucent gate.
  3214 | D:3      | Noticed porpoise's ghost (amateur DsGl)
  3722 | D:4      | Noticed Grinder
  3842 | D:4      | Killed Grinder
  3843 | D:4      | Reached skill level 9 in Stealth
  3843 | D:4      | Reached XP level 6. HP: 25/36 MP: 6/6
  3964 | D:4      | Reached XP level 7. HP: 38/40 MP: 7/7
  3997 | D:4      | Noticed Eustachio
  4023 | D:4      | Killed Eustachio
  4024 | D:4      | Reached skill level 5 in Short Blades
  4240 | D:4      | Noticed Duvessa
  4242 | D:4      | Noticed Dowan
  4243 | D:4      | Killed Duvessa
  4244 | D:4      | Reached skill level 10 in Stealth
  4250 | D:4      | Killed Dowan
  4595 | D:4      | You fall into a shaft and drop 1 floor!
  4595 | D:5      | Entered Level 5 of the Dungeon
  4876 | D:4      | Reached XP level 8. HP: 46/46 MP: 8/8
  5289 | D:5      | Reached skill level 11 in Stealth
  5496 | D:5      | Reached skill level 12 in Stealth
  5985 | D:5      | Found a white marble altar of Elyvilon.
  6091 | D:6      | Reached XP level 9. HP: 51/51 MP: 9/9
  6185 | D:6      | Reached skill level 13 in Stealth
  6603 | D:6      | Found a stormy altar of Qazlal.
  6608 | D:6      | Found a snail-covered altar of Cheibriados.
  6609 | D:6      | Found a shimmering blue altar of Sif Muna.
  6610 | D:6      | Found a radiant altar of Vehumet.
  6613 | D:6      | Found an ornate altar of the Wu Jian Council.
  6614 | D:6      | Found an iron altar of Okawaru.
  6614 | D:6      | Found a glowing golden altar of the Shining One.
  6614 | D:6      | Found an ancient bone altar of Kikubaaqudgha.
  6614 | D:6      | Found an opulent altar of Gozag.
  6616 | D:6      | Found a shimmering altar of Xom.
  6762 | D:6      | Found a staircase to the Ecumenical Temple.
  6768 | Temple   | Entered the Ecumenical Temple
  6848 | Temple   | Became a worshipper of Dithmenos the Shadowed
  6981 | D:6      | Reached skill level 14 in Stealth
  7224 | D:6      | Noticed Menkaure
  7228 | D:6      | Killed Menkaure
  7229 | D:6      | Reached XP level 10. HP: 58/58 MP: 10/10
  7618 | D:7      | Found a flagged portal.
  7637 | Bailey   | Entered a bailey
  7653 | Bailey   | Noticed an orc warlord
  7716 | Bailey   | Reached * piety under Dithmenos
  7717 | Bailey   | Reached skill level 15 in Stealth
  8140 | Bailey   | Found a runed translucent gate.
  8140 | Bailey   | Found a runed translucent gate.
  8150 | Bailey   | Reached skill level 10 in Short Blades
  8152 | Bailey   | Found a runed translucent gate.
  8278 | Bailey   | Killed an orc warlord
  8279 | Bailey   | Reached skill level 5 in Fighting
  8776 | D:7      | Reached skill level 5 in Dodging
  9502 | D:7      | Acquired a +5 quick blade
  9941 | D:8      | Reached skill level 16 in Stealth
 10205 | D:8      | Reached ** piety under Dithmenos
 10224 | D:8      | Found a bloodstained altar of Trog.
 10384 | D:8      | Noticed a two-headed ogre
 10388 | D:8      | Killed a two-headed ogre
 10389 | D:8      | Reached XP level 11. HP: 64/64 MP: 11/11
 10878 | D:9      | Reached skill level 17 in Stealth
 10953 | D:9      | Noticed a boulder beetle
 10956 | D:9      | Killed a boulder beetle
 10983 | D:9      | Noticed a green ugly thing
 10987 | D:9      | Killed a green ugly thing
 11037 | D:9      | Reached skill level 18 in Stealth
 11200 | D:9      | Found a staircase to the Lair.
 11557 | D:9      | Noticed Gastronok
 11560 | D:9      | Killed Gastronok
 11561 | D:9      | Reached skill level 19 in Stealth
 11561 | D:9      | Reached XP level 12. HP: 72/72 MP: 12/12
 11579 | D:9      | Noticed a two-headed ogre
 11584 | D:9      | Killed a two-headed ogre
 11752 | D:9      | Noticed a two-headed ogre
 11771 | D:9      | Noticed a centaur warrior
 11785 | D:9      | Killed a centaur warrior
 12096 | D:9      | Killed a two-headed ogre
 12532 | D:9      | Noticed a soul eater
 12604 | D:9      | Reached skill level 20 in Stealth
 12851 | D:9      | Acquired 1001 gold pieces
 12915 | D:10     | Entered Level 10 of the Dungeon
 12940 | D:10     | Reached *** piety under Dithmenos
 13200 | D:10     | Noticed Snorg
 13242 | D:10     | Killed Snorg
 13667 | D:10     | Noticed Psyche
 13671 | D:10     | Killed Psyche
 14432 | D:11     | Noticed Erolcha
 14436 | D:11     | Killed Erolcha
 14551 | D:11     | Reached skill level 1 in Armour
 14645 | D:11     | Noticed Harold
 14670 | D:11     | Killed Harold
 14882 | D:11     | Reached XP level 13. HP: 78/78 MP: 13/13
 15305 | D:12     | Noticed a boulder beetle
 15308 | D:12     | Killed a boulder beetle
 15309 | D:12     | Reached skill level 21 in Stealth
 15403 | D:12     | Found a runed translucent door.
 15403 | D:12     | Noticed a sphinx
 15404 | D:12     | Noticed an iron dragon
 15415 | D:12     | Noticed a fire giant
 15415 | D:12     | Noticed a fire dragon
 15415 | D:12     | Noticed a sphinx
 15415 | D:12     | Noticed a tengu reaver
 15415 | D:12     | Noticed a frost giant
 15501 | D:12     | Found a staircase to the Orcish Mines.
 15550 | D:12     | Found the +2 ratskin cloak {*Rats rPois rN+ Str-1 Int-1
                  | Dex+1}
 15602 | D:12     | Reached **** piety under Dithmenos
 16259 | D:12     | Found an ancient bone altar of Kikubaaqudgha.
 16387 | Orc:1    | Entered Level 1 of the Orcish Mines
 16511 | Orc:1    | Noticed Erica
 16525 | Orc:1    | Killed Erica
 16657 | Orc:1    | Reached ***** piety under Dithmenos
 16737 | Orc:1    | Found a burning altar of Makhleb.
 16738 | Orc:1    | Found Melatzet's Antique Weapon Shop.
 16896 | Orc:1    | Reached skill level 22 in Stealth
 17182 | Orc:2    | Entered Level 2 of the Orcish Mines
 17288 | Orc:2    | Found a staircase to the Elven Halls.
 18275 | Orc:2    | Found Ciehiar's Distillery.
 18572 | Orc:2    | Found Mojur's Specific Store.
 18572 | Orc:2    | Found Olli's General Store.
 18574 | Orc:2    | Noticed Donald
 18577 | Orc:2    | Killed Donald
 18578 | Orc:2    | Reached skill level 10 in Dodging
 18643 | Orc:2    | Noticed Josephine
 18912 | Orc:2    | Gained mutation: You are frail. (-10% HP) [a neqoxec]
 18969 | Orc:2    | Found Lyury's General Store.
 19021 | Orc:2    | Bought a scroll of enchant weapon for 105 gold pieces
 19021 | Orc:2    | Bought a scroll of enchant armour for 105 gold pieces
 19021 | Orc:2    | Bought the +1 helmet of Defence {+Inv rF- Str+7 Dex+4} for
                  | 554 gold pieces
 19052 | Orc:2    | Reached XP level 14. HP: 77/77 MP: 14/14
 19193 | Orc:1    | Killed Josephine
 19370 | Orc:1    | Reached skill level 5 in Throwing
 19576 | Orc:2    | Slain by a sun demon

Illustrated notes

Levels and vault maps discovered:
D:1:      dpeg_arrival_arbitrary_a, layout_basic,
          hellmonk_ecumenical_altar_blasted, serial_rivers,
          chequers_serial_rivers_room_b, chequers_serial_rivers_micro_b,
          chequers_serial_rivers_small_b, chequers_serial_rivers_micro_d,
          chequers_serial_rivers_micro_a, minmay_heptomino_w4
D:2:      layout_loops_ring, uniq_robin
D:3:      layout_basic, mainiacjoe_overflow_cross_hatched,
          gammafunk_ghost_split, grunt_ministairs_14,
          chequers_serial_rivers_micro_c
D:4:      layout_loops_ring, kennysheep_opposing_triangles, uniq_grinder,
          uniq_duvessa, uniq_eustachio
D:5:      layout_cave_pools, nicolae_elyvilon_peaceful_grove
D:6:      layout_loops_ring, minitemple, minmay_temple_entry_fiery,
          nicolae_lava_and_water, kennysheep_cross_room, hangedman_decor_lopped,
          uniq_menkaure
D:7:      layout_layer_cave, enter_bailey_4, minmay_fire_ice_demons
D:8:      layout_basic, old_standard_altar
D:9:      minmay_octagon_keep, layout_loops_corners, minmay_lair_entry_grove,
          hangedman_minor_gate_pass, uniq_gastronok
D:10:     layout_basic, uniq_psyche, uniq_snorg
D:11:     layout_cave_pools, minmay_fractal_squares_gapless_5, uniq_harold,
          uniq_erolcha
D:12:     minmay_gate_of_8, layout_loops_ring, lemuel_zombie_altar_kikubaaqudgha
Temple:   jpeg_temple_island
Orc:1:    layout_caves, serial_shops, nicolae_shop_overgrown_old_shop,
          abandoned_shop, bloody_makhleb, uniq_erica
Orc:2:    pf_orc_diabolical, layout_caves, basic_altar, nicolae_specific_store,
          nicolae_orc_tapped_out, uniq_donald, uniq_josephine

Skill      XL: |  1  2  3  4  5  6  7  8  9 10 11 12 13 14 |
---------------+-------------------------------------------+-----
Short Blades   | 3 4 5 7 9 11 12 13 | 13.1
Stealth        | 6 7 9 10 12 14 16 19 20 22 | 22.6
Dodging        | 2 3 4 5 6 8 10 | 10.1
Fighting       | 3 4 6 7 8 9 |  9.6
Throwing       | 3 4 5 |  5.1
Armour         | 1 3 |  3.5
Evocations     | |  0.1

Action                   |  1- 3 |  4- 6 |  7- 9 | 10-12 | 13-15 || total
-------------------------+-------+-------+-------+-------+-------++-------
Melee: Dagger            |   124 |   119 |   158 |   633 |  1022 ||  2056
       Punch             |     3 |     4 |     4 |    12 |    25 ||    48
Throw: Dart              |     2 |     6 |     5 |    17 |    10 ||    40
Invok: Shadow Step       |       |       |       |       |     1 ||     1
Evoke: Wand              |       |       |       |     1 |       ||     1
  Use: Scroll            |     4 |     2 |     6 |    11 |     8 ||    31
       Potion            |       |     1 |     2 |    11 |     2 ||    16
 Stab: Sleeping          |    17 |    26 |    25 |    64 |    28 ||   160
       Distracted        |     1 |     1 |     1 |     3 |     6 ||    12
Armor: Robe              |    23 |     9 |    15 |    43 |       ||    90
       Troll leather arm |       |       |       |     7 |    60 ||    67
Dodge: Dodged            |    75 |    51 |    72 |   253 |   417 ||   868
